 Dungeon Crawl Stone Soup version 0.22-a0-404-g35e51767bf (webtiles) character file.

92 Kriby the Grave Robber (level 4, -1/30 HPs)
             Began as a Demonspawn Necromancer on May 8, 2018.
             Slain by a crimson imp (4 damage)
             ... on level 2 of the Dungeon.
             The game lasted 00:03:49 (3565 turns).

Kriby the Grave Robber (Demonspawn Necromancer)     Turns: 3565, Time: 00:03:50

Health: -1/30      AC:  8    Str: 10    XL:     4   Next: 35%
Magic:  7/8        EV: 10    Int: 16    God:
Gold:   77         SH:  3    Dex: 13    Spells: 6/8 levels left

rFire    . . .     SeeInvis .   g - +0 club
rCold    . . .     Gourm    .   n - +0 buckler
rNeg     . . .     Faith    +   m - +0 ring mail {rPois}
rPois    +         Spirit   .   (no helmet)
rElec    .         Reflect  .   (no cloak)
rCorr    .         Harm     .   f - +0 pair of gloves
MR       .....                  (no boots)
Stlth    +.........             k - amulet of faith
HPRegen  0.10/turn              (no ring)
MPRegen  0.11/turn              (no ring)

@: very slightly contaminated, invisible
A: claws 1, iridescent scales 1, demonic guardian 1
a: no special abilities


You were on level 2 of the Dungeon.
You were hungry.

You visited 1 branch of the dungeon, and saw 3 of its levels.

You collected 77 gold pieces.

Inventory:

Hand Weapons
 g - a +0 club (weapon)
Armour
 a - a +0 robe
 f - a +0 pair of gloves (worn)
 m - a +0 ring mail of poison resistance (worn)
 n - a +0 buckler (worn)
Jewellery
 k - an amulet of faith (around neck)
Scrolls
 h - 2 scrolls of identify {unknown}
 i - 3 scrolls of remove curse {unknown}
 j - 4 scrolls of fear {unknown}
 l - a scroll of blinking {unknown}
 o - a scroll of enchant armour {unknown}
 q - a scroll of teleportation {unknown}
 r - a scroll of amnesia {unknown}
Potions
 d - 2 potions of brilliance {unknown}
 e - 3 potions of heal wounds {unknown}
 p - a potion of flight {unknown}
 s - 2 potions of might {unknown}
 t - a potion of degeneration {unknown}
Comestibles
 c - 6 rations


   Skills:
 - Level 1.7 Dodging
 - Level 1.7 Stealth
 + Level 0.9 Shields
 + Level 2.8 Spellcasting
 * Level 5.7 Necromancy


You had 6 spell levels left.
You knew the following spells:

 Your Spells              Type           Power        Failure   Level  Hunger
a - Pain                  Necr           ###.         7%          1    #......
b - Animate Skeleton      Necr           N/A          7%          1    #......


Dungeon Overview and Level Annotations

Branches:
Dungeon (3/15)

Altars:

Annotations:
D:3 ciphuk's ghost, amateur KoHu


Innate Abilities, Weirdness & Mutations

You have sharp fingernails.
You are partially covered in iridescent scales. (AC +2)
A weak demonic guardian rushes to your aid.


Message History

Your quasit barely misses ciphuk's ghost.
Your quasit closely misses ciphuk's ghost.
Your shadow imp misses ciphuk's ghost.
You climb upwards.
Your summoned allies are left behind.
There is a stone staircase leading down here.
You start resting.
A crimson imp comes into view.
A crimson imp is nearby!
A crimson imp is nearby!
A crimson imp is nearby!
The crimson imp shouts!
You aren't carrying any items that you can evoke.
It was a potion of invisibility.
You fade into invisibility!
You are very lightly contaminated with residual magic.
You catch the helpless crimson imp completely off-guard!
You hit the crimson imp but do no damage.
The crimson imp hits you but does no damage.
The crimson imp hits you.
You die...

#...##....#..#.#####.
#...##....#..#)# #.
#...##....#..#.# #.
#...##....##.#.#####.
#...##...............
########...##...#####.######
#..............>............
##.######...###......#.######
#..........)@5.......#.......
###############).....#.......
#......#.......
#......#.......
######......#.......
#...........#.......
#...........#.......
#........####.......
#.....#### #.......


You could see a crimson imp.

Vanquished Creatures
  4 adders (D:2)
  A worm (D:2)
  A dart slug (D:1)
  A leopard gecko (D:2)
  4 giant cockroaches
  5 goblins
  5 hobgoblins
  4 jackals (D:2)
  2 quokkas (D:2)
  8 bats
  5 frilled lizards
  2 kobolds (D:1)
  7 rats
49 creatures vanquished.

Notes
Turn   | Place    | Note
-------+----------+-------------------------------------------
     0 | D:1      | Kriby the Demonspawn Necromancer began the quest for the Orb.
     0 | D:1      | Reached XP level 1. HP: 13/13 MP: 3/3
     2 | D:1      | Learned a level 1 spell: Animate Skeleton
   447 | D:1      | Gained mutation: You are partially covered in iridescent scales. (AC +2) [demonic ancestry]
   447 | D:1      | Reached XP level 2. HP: 19/19 MP: 3/5
  1037 | D:1      | Reached skill level 5 in Necromancy
  1721 | D:2      | Gained mutation: You have sharp fingernails. [demonic ancestry]
  1721 | D:2      | Reached XP level 3. HP: 24/24 MP: 4/6
  2858 | D:2      | Gained mutation: A weak demonic guardian rushes to your aid. [demonic ancestry]
  2858 | D:2      | Reached XP level 4. HP: 28/30 MP: 3/8
  3545 | D:3      | Noticed ciphuk's ghost (amateur KoHu)
  3565 | D:2      | Slain by a crimson imp

Vault maps used:
D:1:      enne_arrival_octagon_isle, supply_closet_lemuel
D:3:      uniq_robin, uniq_terence, uniq_grinder

Skill      XL: |  1  2 |
---------------+-------+-----
Necromancy     | 5 |  5.7
Dodging        | |  1.7
Stealth        | |  1.7
Shields        | |  0.9
Spellcasting   | |  2.8

Action                   |  1- 3 |  4- 6 || total
-------------------------+-------+-------++-------
Melee: Club              |     7 |     4 ||    11
 Cast: Pain              |    80 |    21 ||   101
       Animate Skeleton  |    13 |       ||    13
  Use: Potion            |       |     1 ||     1
 Stab: Invisible         |       |     1 ||     1
  Eat: Chunk             |     5 |       ||     5
       Ration            |       |     1 ||     1
Armor: Robe              |     9 |       ||     9
       Ring mail         |     3 |     1 ||     4
Dodge: Dodged            |    12 |     5 ||    17
Block: Buckler           |     2 |     1 ||     3

Table legend:
 A = Spawn XP
 B = Non-spawn XP
 C = Spawn XP percentage of total XP
 D = Spawn monster count
 E = Non-spawn monster count
 F = Spawn count percentage of total count
 G = Total turns spent on level
                    A         B        C        D         E        F      G
               +---------+---------+-------+---------+---------+-------+---------
         Total |       0 |     132 |   0.0 |       0 |      49 |   0.0 |  3565
               +---------+---------+-------+---------+---------+-------+---------
           D:1 |       0 |      39 |   0.0 |       0 |      23 |   0.0 |  1908
           D:2 |       0 |      91 |   0.0 |       0 |      25 |   0.0 |  1606
           D:3 |       0 |       2 |   0.0 |       0 |       1 |   0.0 |    51
               +---------+---------+-------+---------+---------+-------+---------
